 Dungeon Crawl Stone Soup version 0.28.0-47-ge53b351184 (webtiles) character file.

Game seed: 12204583817503726436

868 Bruhh the Chiller (level 8, -1/57 HPs)
             Began as a Gnoll Ice Elementalist on Apr 29, 2022.
             Was an Initiate of Ashenzari.
             Slain by an ice beast (7 damage)
             ... on level 6 of the Dungeon.
             The game lasted 00:12:19 (5009 turns).

Bruhh the Chiller (Gnoll Ice Elementalist)          Turns: 5009, Time: 00:12:19

Health: -1/57      AC: 13    Str:  7    XL:     8   Next: 3%
Magic:  14/16      EV: 13    Int: 18    God:    Ashenzari [......]
Gold:   169        SH:  0    Dex: 12    Spells: 11/18 levels left

rFire   . . .      SeeInvis .   j - +1 short sword (venom)
rCold   . . .      Faith    .   (no shield)
rNeg    . . .      Spirit   .   a - +0 robe "Behold Eternity" {Elem, Range} (curse)
rPois   .          Reflect  .   (no helmet)
rElec   .          Harm     .   (no cloak)
rCorr   .          Rampage  .   (no gloves)
Will    .....                   (no boots)
Stlth   +++.......              (no amulet)
HPRegen 0.19/turn               i - +4 ring of protection
MPRegen 0.15/turn               (no ring)

@: ice-armoured
A: fangs 1, strong nose, distributed training
a: Renounce Religion, Curse Item, Shatter the Chains


You were on level 6 of the Dungeon.
You worshipped Ashenzari.
Ashenzari was noncommittal.
You visited 1 branch of the dungeon, and saw 7 of its levels.
You also visited: Sewer.

You collected 169 gold pieces.

Inventory:

Hand Weapons
 b - a +0 short sword of draining
 f - a +0 long sword
 j - a +1 short sword of venom (weapon)
Armour
 a - the cursed +0 robe "Behold Eternity" (worn) {Elem, Range}

   It has a curse which improves the following skills: Elements: Fire Magic, Ice
   Magic, Air Magic and Earth Magic.
   Ranged Combat: Slings, Bows, Crossbows and Throwing.
Jewellery
 i - a +4 ring of protection (left hand)
 n - a ring of wizardry
Wands
 r - a wand of digging (2)
Scrolls
 c - 3 scrolls of identify {unknown}
 e - 5 scrolls of teleportation {unknown}
 g - 4 scrolls of fog {unknown}
 h - a scroll of immolation {unknown}
 k - a scroll of blinking {unknown}
 m - a scroll of brand weapon {unknown}
 q - a scroll of vulnerability {unknown}
Potions
 d - 2 potions of haste {unknown}
 l - a potion of heal wounds {unknown}
 o - a potion of curing {unknown}
 p - a potion of lignification {unknown}
 s - a potion of berserk rage {unknown}
 t - a potion of flight {unknown}


   Skills:
 + Level 2.8 Fighting
 + Level 2.8 Short Blades
 + Level 2.8 Long Blades
 + Level 2.8 Axes
 + Level 2.8 Maces & Flails
 + Level 2.8 Polearms
 + Level 2.8 Staves
 + Level 2.8(3.2) Slings
 + Level 2.8(3.2) Bows
 + Level 2.8(3.2) Crossbows
 + Level 2.8(3.2) Throwing
 + Level 2.8 Armour
 + Level 5.4 Dodging
 + Level 5.1 Stealth
 + Level 2.8 Shields
 + Level 2.8 Unarmed Combat
 + Level 5.8 Spellcasting
 + Level 2.3 Conjurations
 + Level 2.3 Hexes
 + Level 2.3 Summonings
 + Level 2.3 Necromancy
 + Level 2.3 Translocations
 + Level 2.3 Transmutations
 + Level 2.3(2.7) Fire Magic
 + Level 7.5(8.0) Ice Magic
 + Level 2.3(2.7) Air Magic
 + Level 2.3(2.7) Earth Magic
 + Level 2.3 Poison Magic
 + Level 3.1 Invocations
 + Level 2.8 Evocations


You had 11 spell levels left.
You knew the following spells:

 Your Spells              Type           Power      Damage    Failure   Level
a - Freeze                Ice            100%       1d11      1%          1
b - Frozen Ramparts       Ice            68%        1d8       1%          3
c - Ozocubu's Armour      Ice            34%        N/A       1%          3

Your spell library contained the following spells:

 Spells                   Type           Power      Damage    Failure   Level
 Hailstorm                Conj/Ice       23%        3d7       14%         4
 Passage of Golubria      Tloc           13%        N/A       43%         4
 Silence                  Hex/Air        7%         N/A       77%         5
 Ozocubu's Refrigeration  Ice            17%        4d8       98%         7
 Lehudib's Crystal Spear  Conj/Erth      7%         10d3      100%        8


Dungeon Overview and Level Annotations

Branches:
Dungeon (7/15)              Sewer (visited)
 Temple: D:4-7

Altars:
Ashenzari
Kikubaaqudgha
Ru
Uskayaw

Shops:
D:5 =


Innate Abilities, Weirdness & Mutations

You have very sharp teeth.
Your uncanny sense of smell can sniff out nearby items.
Your experience applies equally to all skills.


Message History

You closely miss the ice beast.
The ice beast is lightly wounded.
The ice beast hits you. The ice beast freezes you!
You are too injured to fight recklessly!
You are too injured to fight recklessly!
You are too injured to fight recklessly!
Casting: Ozocubu's Armour (safe; 1% risk of failure)
Confirm with . or Enter, or press ? or * to list all spells.
A film of ice covers your body!
The ice beast hits you but does no damage.
You hit the ice beast.
The ice beast is poisoned.
The ice beast is moderately wounded.
The ice beast hits you but does no damage.
You hit the ice beast.
The ice beast is moderately wounded.
The ice beast hits you but does no damage.
You closely miss the ice beast.
The ice beast is heavily wounded.
The ice beast closely misses you.
You completely miss the ice beast.
You bite the ice beast, but do no damage.
The ice beast is severely wounded.
The ice beast hits you. The ice beast freezes you!
* * * LOW HITPOINT WARNING * * *
You hit the ice beast but do no damage.
The ice beast is severely wounded.
The ice beast hits you but does no damage.
You closely miss the ice beast.
The ice beast is severely wounded.
The ice beast hits you but does no damage.
You hit the ice beast but do no damage.
You bite the ice beast, but do no damage.
The ice beast is severely wounded.
The ice beast misses you.
You hit the ice beast but do no damage. Your punch misses the ice beast.
The ice beast is almost dead.
The ice beast hits you.
* * * LOW HITPOINT WARNING * * *
The ice beast freezes you!
You die...

# #.##..##..≈.
#.####.##..##....
#...<......##.... ♣
#......##.####### ♣.
##..###....# ♣ ..
....# #.########
...#. #
#.###.........
#...###.....#######.
#.Y@......#
#...###/##..# #..#.
#.##..# # # #.##..#
#.##..# ......#
#...... ####.##


You could see an ice beast (very poisoned).

Vanquished Creatures
  Pargi (Sewer)
  A sky beast (D:5)
  A gnoll sergeant (D:5)
  A scorpion (D:7)
  3 hounds
  A bullfrog zombie (D:5)
  An orc priest (D:4)
  A gnoll shaman (D:7)
  A bullfrog skeleton (D:5)
  An iguana (D:5)
  2 orc wizards (D:4)
  A hound skeleton (D:5)
  7 gnolls
  5 adders
  A river rat (D:4)
  A white imp (D:4)
  2 adder skeletons
  2 worms (D:4)
  A dart slug (D:3)
  9 orcs
  13 endoplasms
  6 giant cockroaches
  9 goblins
  5 hobgoblins
  7 jackals
  5 quokkas
  10 ball pythons
  6 bats
  11 frilled lizards
  3 kobolds (D:1)
  3 rats
121 creatures vanquished.

Vanquished Creatures (others)
  4 plants (D:5)
4 creatures vanquished.

Grand Total: 125 creatures vanquished

Notes
Turn   | Place    | Note
-------+----------+-------------------------------------------
     0 | D:1      | Bruhh the Gnoll Ice Elementalist began the quest for the
                  | Orb.
     0 | D:1      | Reached XP level 1. HP: 13/13 MP: 6/6
   195 | D:1      | Reached XP level 2. HP: 14/19 MP: 1/7
   740 | D:1      | Reached XP level 3. HP: 23/25 MP: 7/9
   866 | D:1      | Reached skill level 5 in Spellcasting
  1099 | D:1      | Reached skill level 1 in Invocations
  1461 | D:2      | Learned a level 3 spell: Frozen Ramparts
  1465 | D:2      | Learned a level 3 spell: Ozocubu's Armour
  1486 | D:2      | Reached skill level 1 in Fighting
  1486 | D:2      | Reached skill level 1 in Short Blades
  1486 | D:2      | Reached skill level 1 in Long Blades
  1486 | D:2      | Reached skill level 1 in Axes
  1486 | D:2      | Reached skill level 1 in Maces & Flails
  1486 | D:2      | Reached skill level 1 in Polearms
  1486 | D:2      | Reached skill level 1 in Staves
  1486 | D:2      | Reached skill level 1 in Slings
  1486 | D:2      | Reached skill level 1 in Bows
  1486 | D:2      | Reached skill level 1 in Crossbows
  1486 | D:2      | Reached skill level 1 in Throwing
  1486 | D:2      | Reached skill level 1 in Armour
  1486 | D:2      | Reached skill level 1 in Shields
  1486 | D:2      | Reached skill level 1 in Unarmed Combat
  1486 | D:2      | Reached skill level 1 in Evocations
  1610 | D:2      | Reached XP level 4. HP: 30/32 MP: 11/11
  1795 | D:2      | Found a hide-covered altar of Uskayaw.
  2417 | D:3      | Found a sacrificial altar of Ru.
  2581 | D:3      | Found a faded altar of an unknown god.
  2626 | D:3      | Reached skill level 1 in Conjurations
  2626 | D:3      | Reached skill level 1 in Hexes
  2626 | D:3      | Reached skill level 1 in Summonings
  2626 | D:3      | Reached skill level 1 in Necromancy
  2626 | D:3      | Reached skill level 1 in Translocations
  2626 | D:3      | Reached skill level 1 in Transmutations
  2626 | D:3      | Reached skill level 1 in Fire Magic
  2626 | D:3      | Reached skill level 1 in Air Magic
  2626 | D:3      | Reached skill level 1 in Earth Magic
  2626 | D:3      | Reached skill level 1 in Poison Magic
  2901 | D:4      | Found a broken altar of Ashenzari.
  2943 | D:4      | Became a worshipper of Ashenzari the Shackled
  2982 | D:4      | Reached XP level 5. HP: 28/37 MP: 5/12
  3068 | D:4      | Found a glowing drain.
  3098 | Sewer    | Entered a sewer
  3152 | Sewer    | Noticed Pargi
  3162 | Sewer    | Killed Pargi
  3163 | Sewer    | Reached XP level 6. HP: 22/44 MP: 7/13
  4054 | D:4      | Reached skill level 5 in Dodging
  4376 | D:5      | Entered Level 5 of the Dungeon
  4420 | D:5      | Reached XP level 7. HP: 41/50 MP: 6/15
  4737 | D:5      | Found Qainask's Jewellery Emporium.
  4749 | D:5      | Reached skill level 5 in Stealth
  4809 | D:5      | Found an ancient bone altar of Kikubaaqudgha.
  4810 | D:5      | You fall into a shaft and drop 2 floors!
  4862 | D:6      | Reached XP level 8. HP: 50/57 MP: 4/16
  5009 | D:6      | Slain by an ice beast

Illustrated notes

Levels and vault maps discovered:
D:1:      mainiacjoe_arrival_reflecting_pool, layout_basic,
          minmay_tiny_reverse_x
D:2:      layout_basic, basic_altar
D:3:      layout_basic, mainiacjoe_overflow_paths, nicolae_ecumenical_oubliette
D:4:      layout_basic, ashenzari_altar_1, gup_sewer_entry_spiral,
          nrook_mini_backslash, nrook_mini_vaults
D:5:      layout_rooms, grunt_temple_overflow_growth_and_decay,
          gammafunk_temple_overflow_forgotten, general_overflow_altar,
          serial_shops, nicolae_stop_n_shop_2
D:6:      layout_loops_ring, minmay_stone_trees_large,
          kennysheep_generic_room_4, uniq_crazy_yiuf_cottage
D:7:      minmay_chambers_of_fours, layout_loops_ring, kennysheep_mini_moat,
          minmay_temple_entry_slanted, uniq_harold

Skill      XL: |  1  2  3  4  5  6  7 |
---------------+----------------------+-----
Spellcasting   | 5 |  5.8
Invocations    | 1 2 3 |  3.1
Fighting       | 1 2 |  2.8
Short Blades   | 1 2 |  2.8
Long Blades    | 1 2 |  2.8
Axes           | 1 2 |  2.8
Maces & Flails | 1 2 |  2.8
Polearms       | 1 2 |  2.8
Staves         | 1 2 |  2.8
Slings         | 1 2 |  2.8
Bows           | 1 2 |  2.8
Crossbows      | 1 2 |  2.8
Throwing       | 1 2 |  2.8
Armour         | 1 2 |  2.8
Shields        | 1 2 |  2.8
Unarmed Combat | 1 2 |  2.8
Evocations     | 1 2 |  2.8
Conjurations   | 1 2 |  2.3
Hexes          | 1 2 |  2.3
Summonings     | 1 2 |  2.3
Necromancy     | 1 2 |  2.3
Translocations | 1 2 |  2.3
Transmutations | 1 2 |  2.3
Fire Magic     | 1 2 |  2.3
Air Magic      | 1 2 |  2.3
Earth Magic    | 1 2 |  2.3
Poison Magic   | 1 2 |  2.3
Dodging        | 5 |  5.4
Stealth        | 5 |  5.1
Ice Magic      | |  7.5

Action                   |  1- 3 |  4- 6 |  7- 9 || total
-------------------------+-------+-------+-------++-------
Melee: Unarmed           |    11 |       |       ||    11
       Bite              |     4 |     8 |    11 ||    23
       Short sword       |    33 |   139 |    62 ||   234
       Punch             |       |     2 |       ||     2
 Cast: Freeze            |    40 |     2 |       ||    42
       Frozen Ramparts   |       |     7 |     6 ||    13
       Ozocubu's Armour  |       |     5 |     6 ||    11
Invok: Curse Item        |       |     1 |       ||     1
 Stab: Sleeping          |     3 |    10 |       ||    13
       Distracted        |       |     1 |       ||     1
Armor: Robe              |    16 |    51 |    33 ||   100
Dodge: Dodged            |    41 |    96 |    48 ||   185
